 Dungeon Crawl Stone Soup version 0.22-a0-542-gce4f928 (webtiles) character file.

371 iamserjio the Covert (level 6, -1/51 HPs)
             Began as a Gnoll Assassin on June 24, 2018.
             Was an Initiate of Cheibriados.
             Splashed by a jelly's acid (7 damage)
             ... on level 5 of the Dungeon.
             The game lasted 00:11:48 (1439 turns).

iamserjio the Covert (Gnoll Assassin)               Turns: 1439, Time: 00:11:49

Health: -1/51      AC: -9    Str: 14    XL:     6   Next: 70%
Magic:  9/9        EV: 14    Int: 22    God:    Cheibriados [......]
Gold:   73         SH:  0    Dex: 17    Spells: 9/9 levels left

rFire    . . .     SeeInvis .   a - +3 dagger
rCold    . . .     Gourm    .   (no shield)
rNeg     . . .     Faith    .   c - +0 robe
rPois    .         Spirit   .   (no helmet)
rElec    .         Reflect  .   d - +1 cloak
rCorr    .         Harm     .   (no gloves)
MR       .....                  p - +1 pair of boots
Stlth    ++++......             (no amulet)
HPRegen  0.17/turn              (no ring)
MPRegen  0.11/turn              (no ring)

@: brilliant, corroded, very slow
A: distributed training, fangs 1, strong nose
a: Bend Time, Renounce Religion


You were on level 5 of the Dungeon.
You worshipped Cheibriados.
Cheibriados was noncommittal.
You were not hungry.

You visited 2 branches of the dungeon, and saw 6 of its levels.
You also visited: Ossuary.

You collected 73 gold pieces.

Inventory:

Hand Weapons
 a - a +3 dagger (weapon)
 b - a +0 blowgun
Missiles
 e - 8 poisoned needles
Armour
 c - a +0 robe (worn)
 d - a +1 cloak (worn)
 h - a +0 plate armour
 k - a +0 ring mail
 p - a +1 pair of boots (worn)
Jewellery
 u - an uncursed ring of flight {unknown}
Scrolls
 j - a scroll of remove curse {@r2}
Potions
 i - a potion of mutation
 q - 3 potions of flight
 r - 2 potions of heal wounds
 s - a potion of berserk rage {unknown}
 t - a potion of might {unknown}
Comestibles
 g - 3 rations
 m - 2 chunks of flesh


   Skills:
 + Level 5.0 Fighting
 + Level 5.0 Short Blades
 + Level 2.0 Long Blades
 + Level 2.0 Axes
 + Level 2.0 Maces & Flails
 + Level 2.0 Polearms
 + Level 2.0 Staves
 + Level 2.0 Slings
 + Level 2.0 Bows
 + Level 2.0 Crossbows
 + Level 5.0 Throwing
 + Level 2.0 Armour
 + Level 3.3 Dodging
 + Level 8.0 Stealth
 + Level 2.0 Shields
 + Level 2.0 Unarmed Combat
 + Level 2.0 Spellcasting
 + Level 1.6 Conjurations
 + Level 1.6 Hexes
 + Level 1.6 Charms
 + Level 1.6 Summonings
 + Level 1.6 Necromancy
 + Level 1.6 Translocations
 + Level 1.6 Transmutations
 + Level 1.6 Fire Magic
 + Level 1.6 Ice Magic
 + Level 1.6 Air Magic
 + Level 1.6 Earth Magic
 + Level 1.6 Poison Magic
 + Level 2.2 Invocations
 + Level 2.0 Evocations


You had 9 spell levels left.
You didn't know any spells.
Your spell library was empty.

Dungeon Overview and Level Annotations

Branches:
Dungeon (5/15)             Temple (1/1) D:4

Altars:
Ashenzari
Cheibriados
Dithmenos
Fedhas
Gozag
Makhleb
Nemelex Xobeh
Qazlal
Ru
Trog
Uskayaw
Vehumet
Wu Jian
Xom
Yredelemnul
Zin
The Shining One


Innate Abilities, Weirdness & Mutations

Your experience applies equally to all skills.
You have very sharp teeth.
Your uncanny sense of smell can sniff out nearby items.


Message History

a - a +3 dagger (weapon)
You hit the jelly but do no damage.
Your hands burn!
The jelly is heavily wounded.
The jelly closely misses you.
You hit the jelly but do no damage.
Your hands burn!
The jelly is heavily wounded.
The jelly hits you.
You are splashed with acid!
The acid burns!
* * * LOW HITPOINT WARNING * * *
You hit the jelly but do no damage.
Your hands burn!
* * * LOW HITPOINT WARNING * * *
The jelly is heavily wounded.
You hit the jelly but do no damage.
Your hands burn!
* * * LOW HITPOINT WARNING * * *
You bite the jelly, but do no damage.
The jelly is heavily wounded.
The jelly hits you.
* * * LOW HITPOINT WARNING * * *
The acid corrodes you!
You are splashed with acid!
The acid burns!
You die...

##.....# #.##. #....#
#.#.. #....# #...# #...o#
# #..# ##.#.## ##.#
####..# #.#..##...#
#...... #.#.....# #......
#..(..#### #......
#..##(oJ@##########......
### ####.................
############......
#...... #...... #######


You could see a jelly and an orc.

Vanquished Creatures
  An ogre (D:4)
  A sky beast (D:5)
  A scorpion (D:5)
  A crimson imp (D:5)
  A hound (D:5)
  3 mummies (Ossuary)
  An adder (D:2)
  A worm (D:5)
  3 dart slugs
  3 leopard geckos
  4 orcs (D:4)
  2 bats
  3 giant cockroaches (D:1)
  2 gnoll zombies (Ossuary)
  A goblin (D:2)
  6 hobgoblins
  6 jackals
  2 ball pythons (D:1)
  A frilled lizard (D:2)
  2 gnoll skeletons (Ossuary)
  2 goblin skeletons (Ossuary)
  3 goblin zombies (Ossuary)
  A hobgoblin skeleton (Ossuary)
  A hobgoblin zombie (Ossuary)
  4 kobolds (D:1)
  3 kobold skeletons (Ossuary)
  2 kobold zombies (Ossuary)
  5 orc skeletons (Ossuary)
  3 orc zombies (Ossuary)
  3 rats
  6 rat skeletons (Ossuary)
  2 rat zombies (Ossuary)
80 creatures vanquished.

Vanquished Creatures (others)
  Menkaure (Ossuary)
  A gnoll skeleton (Ossuary)
  A goblin skeleton (Ossuary)
  2 goblin zombies (Ossuary)
  2 hobgoblin skeletons (Ossuary)
  5 hobgoblin zombies (Ossuary)
  2 kobold skeletons (Ossuary)
  4 kobold zombies (Ossuary)
  A rat zombie (Ossuary)
19 creatures vanquished.

Grand Total: 99 creatures vanquished

Notes
Turn   | Place    | Note
-------+----------+-------------------------------------------
     0 | D:1      | iamserjio the Gnoll Assassin began the quest for the Orb.
     0 | D:1      | Reached XP level 1. HP: 20/20 MP: 1/1
    77 | D:1      | Reached XP level 2. HP: 16/26 MP: 2/2
   178 | D:2      | Found a glowing golden altar of the Shining One.
   242 | D:1      | Reached XP level 3. HP: 12/31 MP: 3/3
   358 | D:2      | Reached skill level 1 in Invocations
   368 | D:2      | HP: 1/31 [frilled lizard (1)]
   496 | D:4      | Noticed an ogre
   498 | D:4      | Killed an ogre
   498 | D:4      | Reached skill level 1 in Long Blades
   498 | D:4      | Reached skill level 1 in Axes
   498 | D:4      | Reached skill level 1 in Maces & Flails
   498 | D:4      | Reached skill level 1 in Polearms
   498 | D:4      | Reached skill level 1 in Staves
   498 | D:4      | Reached skill level 1 in Slings
   498 | D:4      | Reached skill level 1 in Bows
   498 | D:4      | Reached skill level 1 in Crossbows
   498 | D:4      | Reached skill level 1 in Armour
   498 | D:4      | Reached skill level 1 in Shields
   498 | D:4      | Reached skill level 1 in Unarmed Combat
   498 | D:4      | Reached skill level 1 in Spellcasting
   498 | D:4      | Reached skill level 1 in Conjurations
   498 | D:4      | Reached skill level 1 in Hexes
   498 | D:4      | Reached skill level 1 in Charms
   498 | D:4      | Reached skill level 1 in Summonings
   498 | D:4      | Reached skill level 1 in Necromancy
   498 | D:4      | Reached skill level 1 in Translocations
   498 | D:4      | Reached skill level 1 in Transmutations
   498 | D:4      | Reached skill level 1 in Fire Magic
   498 | D:4      | Reached skill level 1 in Ice Magic
   498 | D:4      | Reached skill level 1 in Air Magic
   498 | D:4      | Reached skill level 1 in Earth Magic
   498 | D:4      | Reached skill level 1 in Poison Magic
   498 | D:4      | Reached skill level 1 in Evocations
   498 | D:4      | Reached XP level 4. HP: 10/38 MP: 4/6
   498 | D:4      | Reached XP level 5. HP: 11/43 MP: 4/7
   515 | D:4      | Found a sand-covered staircase.
   520 | Ossuary  | Entered an ossuary
   759 | Ossuary  | Killed Menkaure
   779 | Ossuary  | HP: 2/43 [gnoll skeleton (7)]
   849 | Ossuary  | HP: 2/43 [mummy (6)]
  1021 | D:4      | Found a staircase to the Ecumenical Temple.
  1028 | Temple   | Entered the Ecumenical Temple
  1137 | Temple   | Became a worshipper of Cheibriados the Contemplative
  1205 | D:5      | Entered Level 5 of the Dungeon
  1249 | D:5      | Noticed a sky beast
  1264 | D:5      | Killed a sky beast
  1264 | D:5      | Reached skill level 8 in Stealth
  1264 | D:5      | Reached XP level 6. HP: 40/50 MP: 8/8
  1369 | D:5      | Reached skill level 5 in Fighting
  1369 | D:5      | Reached skill level 5 in Short Blades
  1369 | D:5      | Reached skill level 5 in Throwing
  1439 | D:5      | Splashed by a jelly's acid

Vault maps used:
D:1:      dpeg_chamrin_arrival_tetris
D:2:      lemuel_coloured_pillars_altar, lemuel_doored_altar
D:4:      minmay_temple_entry_trees, enter_ossuary_2
D:5:      first_ration
Temple:   regret_index_temple_sphere_string
Ossuary:  ossuary_due_pyramid

Skill      XL: |  1  2  3  4  5  6 |
---------------+-------------------+-----
Invocations    | 1 2 |  2.2
Long Blades    | 1 2 |  2.0
Axes           | 1 2 |  2.0
Maces & Flails | 1 2 |  2.0
Polearms       | 1 2 |  2.0
Staves         | 1 2 |  2.0
Slings         | 1 2 |  2.0
Bows           | 1 2 |  2.0
Crossbows      | 1 2 |  2.0
Armour         | 1 2 |  2.0
Shields        | 1 2 |  2.0
Unarmed Combat | 1 2 |  2.0
Spellcasting   | 1 2 |  2.0
Conjurations   | 1 |  1.6
Hexes          | 1 |  1.6
Charms         | 1 |  1.6
Summonings     | 1 |  1.6
Necromancy     | 1 |  1.6
Translocations | 1 |  1.6
Transmutations | 1 |  1.6
Fire Magic     | 1 |  1.6
Ice Magic      | 1 |  1.6
Air Magic      | 1 |  1.6
Earth Magic    | 1 |  1.6
Poison Magic   | 1 |  1.6
Evocations     | 1 2 |  2.0
Dodging        | 3 |  3.3
Stealth        | 8 |  8.0
Fighting       | 5 |  5.0
Short Blades   | 5 |  5.0
Throwing       | 5 |  5.0

Action                   |  1- 3 |  4- 6 || total
-------------------------+-------+-------++-------
Melee: Dagger            |   107 |   174 ||   281
       Bite              |     8 |    21 ||    29
       Punch             |       |     3 ||     3
 Fire: Blowgun           |       |     5 ||     5
Invok: Bend Time         |       |     1 ||     1
  Use: Scroll            |     4 |     4 ||     8
       Potion            |       |     9 ||     9
 Stab: Sleeping          |     6 |     4 ||    10
       Distracted        |       |     1 ||     1
  Eat: Chunk             |       |     2 ||     2
Armor: Robe              |    15 |    25 ||    40
Dodge: Dodged            |    55 |    58 ||   113

Table legend:
 A = Spawn XP
 B = Non-spawn XP
 C = Spawn XP percentage of total XP
 D = Spawn monster count
 E = Non-spawn monster count
 F = Spawn count percentage of total count
 G = Total turns spent on level
                    A         B        C        D         E        F      G
               +---------+---------+-------+---------+---------+-------+---------
         Total |       0 |     530 |   0.0 |       0 |      71 |   0.0 |  1439
               +---------+---------+-------+---------+---------+-------+---------
           D:1 |       0 |      24 |   0.0 |       0 |      15 |   0.0 |   203
           D:2 |       0 |      38 |   0.0 |       0 |      12 |   0.0 |   194
           D:3 |       0 |       2 |   0.0 |       0 |       1 |   0.0 |    29
           D:4 |       0 |     144 |   0.0 |       0 |      10 |   0.0 |   279
           D:5 |       0 |     280 |   0.0 |       0 |       7 |   0.0 |   218
       Ossuary |       0 |      42 |   0.0 |       0 |      26 |   0.0 |   381
               +---------+---------+-------+---------+---------+-------+---------
